 Dungeon Crawl Stone Soup version 0.19-a0-1714-gcab94ab (webtiles) character file.

1234 Eucla the Slasher (level 8, -2/61 HPs)
             Began as a Vampire Gladiator on Sept 28, 2016.
             Was an Initiate of Gozag.
             Slain by an orc warrior
             ... wielding a +0 hand axe
              (3 damage)
             ... on level 6 of the Dungeon.
             The game lasted 00:09:09 (4528 turns).

Eucla the Slasher (Vampire Gladiator)               Turns: 4528, Time: 00:09:09

Health: -2/61      AC:  8    Str: 19    XL:     8   Next: 24%
Magic:  8/8        EV: 13    Int: 11    God:    Gozag
Gold:   187        SH:  0    Dex: 15    Spells: 0 memorised, 7 levels left

rFire  . . .     SeeInvis +     a - +0 long sword
rCold  . . .     Gourm    .     u - +0 scale mail of the Kraken {-Cast rElec Str+4 SInv} (curse)
rNeg   + . .     Faith    .     (no shield)
rPois  .         Spirit   .     c - +0 helmet
rElec  +         Dismiss  .     (no cloak)
rCorr  .         Reflect  .     (no gloves)
MR     .....     Harm     .     (no boots)
Stlth  .......... NoCast   +    (no amulet)
                                (no ring)
                                r - ring of positive energy

@: lethally poisoned (-2 -> -2), gold aura, regenerating quickly
A: fangs 3, see invisible, unbreathing
a: Potion Petition, Call Merchant, Bribe Branch, Renounce Religion


You were on level 6 of the Dungeon.
You worshipped Gozag.
Gozag was aware of your devotion.
You were very full.

You visited 1 branch of the dungeon, and saw 6 of its levels.
You also visited: Sewer.

You collected 255 gold pieces.
You paid 68 gold pieces to Gozag.

Inventory:

Hand Weapons
 a - a +0 long sword (weapon)
Missiles
 d - 3 throwing nets (quivered)
Armour
 b - a +0 leather armour
 c - a +0 helmet (worn)
 h - a +0 ring mail
 u - the cursed +0 scale mail of the Kraken (worn) {-Cast rElec Str+4 SInv}
   (You found it on level 4 of the Dungeon)

   It affects your strength (+4).
   It insulates you from electricity.
   It lets you see invisible.
   It prevents spellcasting.
   It has a curse placed upon it.
Jewellery
 r - a ring of positive energy (left hand)
Wands
 y - a wand of iceblast (3/15)
Scrolls
 k - 6 scrolls of identify {unknown}
 l - 2 scrolls of fear {unknown}
 m - 3 scrolls of teleportation {unknown}
 o - a scroll of blinking {unknown}
 s - a scroll of remove curse {unknown}
 t - a scroll of fog {unknown}
 v - a scroll of enchant weapon {unknown}
 w - 2 scrolls of recharging {unknown}
 A - 2 scrolls of immolation {unknown}
Potions
 e - a potion of heal wounds {unknown}
 f - a potion of ambrosia {unknown}
 g - 4 potions of flight {unknown}
 i - a potion of might {unknown}
 j - 2 potions of agility {unknown}
 n - 5 potions of curing {unknown}
 p - a potion of cure mutation {unknown}
 q - 16 potions of blood
 x - a potion of degeneration {unknown}
 z - a potion of lignification {unknown}


   Skills:
 + Level 4.8 Fighting
 * Level 7.7 Long Blades
 - Level 1.5 Throwing
 + Level 6.2 Dodging


You had 7 spell levels left.
You didn't know any spells.

Dungeon Overview and Level Annotations

Branches:
Dungeon (6/15)
 Temple: D:4-7

Altars:
Ashenzari
Dithmenos
Elyvilon
Fedhas
Gozag
Nemelex Xobeh
Trog
Uskayaw
Yredelemnul


Innate Abilities, Weirdness & Mutations

Your natural rate of healing is unusually fast.
You have razor-sharp teeth.
You have supernaturally acute eyesight. (SInv)
You can survive without breathing.


Message History

Unknown command.
You are too injured to fight recklessly!
You hit the orc warrior.
The orc warrior is severely wounded.
The phantom blinks!
The orc warrior hits you with a hand axe.
* * * LOW HITPOINT WARNING * * *
The orc wizard barely misses you.
You hit the orc warrior but do no damage.
The orc warrior is severely wounded.
* * * LOW HITPOINT WARNING * * *
You feel sick. The orc warrior completely misses you.
The orc wizard hits you but does no damage.
You are too injured to fight recklessly!
Unknown command.
You hit the orc warrior. Your bite misses the orc warrior.
The orc warrior is severely wounded.
The orc warrior hits you with a hand axe.
You die...
Your body crumbles into a pile of gold.

##.# ## #..# #..
##..# ### #.# ....##
#.## ##.# .....#####
#..####..#
.###.....###...##..#
## ###.............#
##....####..o.####..
##..### #/@o........
###..## #.$$......#.
##...##
#..ยง.#...###
###...## #...##..##
#....## #W..## #o.#
.....## #...# ..#
......### ...## ...
......... #... .o#
..........


You could see a phantom, an orc warrior and an orc wizard.

Vanquished Creatures
  An ice beast (D:6)
  2 phantoms (D:4)
  2 ogres
  2 centaurs (D:5)
  A water moccasin skeleton (D:4)
  A scorpion (D:4)
  A howler monkey (D:6)
  3 crimson imps (D:5)
  3 hounds
  A centaur skeleton (D:4)
  A worker ant (D:5)
  A howler monkey skeleton (D:4)
  A worker ant zombie (D:4)
  10 adders
  3 oozes
  An adder skeleton (D:4)
  6 worms
  2 dart slugs (D:1)
  5 leopard geckos
  7 orcs
  7 giant cockroaches
  10 goblins
  8 hobgoblins
  19 jackals
  7 kobolds
  A quokka (D:4)
  4 ball pythons
  12 bats
  6 frilled lizards
  A quokka zombie (D:6)
  10 rats
139 creatures vanquished.

Notes
Turn   | Place    | Note
-------+----------+-------------------------------------------
     0 | D:1      | Eucla the Vampire Gladiator began the quest for the Orb.
     0 | D:1      | Reached XP level 1. HP: 16/16 MP: 1/1
    94 | D:1      | Reached XP level 2. HP: 20/22 MP: 2/2
   456 | D:1      | Reached XP level 3. HP: 27/27 MP: 3/3
   949 | D:2      | Reached skill level 4 in Long Blades
  1163 | D:2      | Reached XP level 4. HP: 29/34 MP: 4/4
  1261 | D:2      | Found a bloodstained altar of Trog.
  1864 | D:3      | Reached XP level 5. HP: 39/39 MP: 5/5
  1903 | D:3      | Found a sparkling altar of Nemelex Xobeh.
  2414 | D:4      | Found a glowing drain.
  2434 | Sewer    | Entered a sewer
  2447 | Sewer    | Reached skill level 5 in Long Blades
  2938 | D:4      | Noticed a phantom
  2986 | D:4      | Killed a phantom
  2986 | D:4      | Reached XP level 6. HP: 25/47 MP: 6/6
  3113 | D:4      | Found a shadowy altar of Dithmenos.
  3170 | D:4      | Got a scorched scale mail
  3181 | D:4      | Identified the cursed +0 scale mail of the Kraken {-Cast rElec Str+4 SInv} (You found it on level 4 of the Dungeon)
  3339 | D:4      | Reached skill level 6 in Long Blades
  3339 | D:4      | Reached skill level 5 in Dodging
  3398 | D:4      | Found a basalt altar of Yredelemnul.
  3442 | D:4      | Reached XP level 7. HP: 48/53 MP: 7/7
  3537 | D:5      | Entered Level 5 of the Dungeon
  3564 | D:5      | Found a hide-covered altar of Uskayaw.
  4003 | D:5      | Reached skill level 7 in Long Blades
  4247 | D:5      | Found a blossoming altar of Fedhas.
  4247 | D:5      | Found an opulent altar of Gozag.
  4249 | D:5      | Found a white marble altar of Elyvilon.
  4251 | D:5      | Found a shattered altar of Ashenzari.
  4265 | D:5      | Became a worshipper of Gozag Ym Sagoz the Greedy
  4297 | D:6      | Reached XP level 8. HP: 44/61 MP: 8/8
  4526 | D:6      | HP: 2/61 [orc warrior/hand axe (3)]
  4528 | D:6      | Slain by an orc warrior

Vault maps used:
D:1:      dpeg_arrival_round_c
D:2:      lightli_temple_of_fire, first_bread
D:3:      nemelex_xobeh_ov_fountains_minmay, bh_chokoban
D:4:      yredelemnul_altar_generic, grunt_dithmenos_shadows,
          portal_sewer_entry_f
D:5:      minitemple
D:6:      hangedman_abyss_or_decor_passed, st_stairs_3,
          kennysheep_generic_room_13, uniq_menkaure
Sewer:    sewer_fruit_machine

Skill      XL: |  1  2  3  4  5  6  7  8 |
---------------+-------------------------+-----
Fighting       | 2 3 4 |  4.8
Long Blades    | 4 5 6 7 |  7.7
Dodging        | 4 5 6 |  6.2
Throwing       | |  1.5

Action                   |  1- 3 |  4- 6 |  7- 9 || total
-------------------------+-------+-------+-------++-------
Melee: Long sword        |   114 |   328 |   193 ||   635
       Bite              |    12 |    29 |    26 ||    67
  Use: Potion            |     3 |    13 |     5 ||    21
  Eat: Corpse            |     9 |     1 |       ||    10
Armor: Leather armour    |    14 |       |       ||    14
       Ring mail         |    10 |   100 |       ||   110
       Scale mail        |       |     6 |    61 ||    67
Dodge: Dodged            |    63 |   223 |   102 ||   388
